AoeStats
← przemulek123

Arabia

510145158Analyzed
1v1 RM · 2d ago on Sep 29, 2026· 40m 30s· 2 players
Game mode
Random Map
Map size
Tiny (2 player)
Population
200
Speed
Normal
Resources
Standard
Victory
Conquest
Starting age
Dark Age
Ending age
Imperial Age
RankedLock teamsTeams togetherTeam positionsShared explorationLock speedFull tech treeHidden civsTurbo modeCheats
Victory
Defeat
🇵🇱 Bulgarians · Poland
979
+17
🇸🇰 Teutons · Slovakia
1000
-51
przemulek123
10:19 Feudal Age
10:47 Double-Bit Axe
11:21 Loom
15:45 Forging
15:49 Arson
18:23 Gold Mining
24:39 Castle Age
23:46 Fletching
23:56 Scale Mail Armor
28:36 Squires
32:47 Iron Casting
32:24 Bow Saw
33:06 Chain Mail Armor
38:22 Wheelbarrow
Weini_SK
12:30 Feudal Age
11:49 Loom
13:01 Double-Bit Axe
14:58 Stone Mining
18:30 Horse Collar
22:06 Wheelbarrow
22:09 Padded Archer Armor
22:20 Forging
22:31 Gold Mining
24:44 Fletching
24:54 Scale Mail Armor
24:24 Man-at-Arms
27:14 Arson
29:44 Castle Age
30:43 Squires
32:24 Stone Shaft Mining
32:08 Hand Cart
31:41 Town Watch
38:04 Heavy Plow
Connection lost

Rejoining the realm…

Still unreachable

The connection could not be restored.

Session expired

The server has moved on; the page needs a fresh start.